 Dungeon Crawl Stone Soup version 0.31-a0-851-g7ff8af7976 (webtiles) character file.

Game seed: 3794383622145838179

4 Hubris850 the Stinger (level 1, 0/15 HPs)
             Began as a Draconian Venom Mage on Oct 6, 2023.
             Frozen to death by an endoplasm (5 damage)
             ... on level 1 of the Dungeon.
             The game lasted 00:00:43 (68 turns).

Hubris850 the Stinger (Draconian Venom Mage)          Turns: 68, Time: 00:00:43

Health: 0/15       AC:  4    Str: 10    XL:     1   Next: 50%
Magic:  0/3        EV: 12    Int: 15    God:
Gold:   0          SH:  0    Dex: 11    Spells: 3/4 levels left

rFire   . . .        b - +0 club
rCold   . . .        (no shield)
rNeg    . . .        (body armour unavailable)
rPois   .            (helmet restricted)
rElec   .            (no cloak)
rCorr   .            (no gloves)
SInv    .            (no boots)
Will    .....        (no amulet)
Stlth   ++           (no ring)
HPRegen 0.22/turn    (no ring)
MPRegen 0.08/turn

%: no passive effects
@: no status effects
A: AC +4, unfitting armour, cold-blooded
a: no special abilities


You were on level 1 of the Dungeon.
You visited 1 branch of the dungeon, and saw 1 of its levels.

Inventory:

Hand Weapons
 b - a +0 club (weapon)
Potions
 a - a potion of magic


   Skills:
 + Level 0.4 Fighting
 + Level 1.9 Dodging
 + Level 1.9 Stealth
 - Level 2.0 Spellcasting
 - Level 1.0 Transmutations
 - Level 3.0 Poison Magic


You had 3 spell levels left.
You knew the following spells:

 Your Spells              Type           Power      Damage    Failure   Level
a - Sting                 Tmut/Pois      28%        1d4       10%         1

Your spell library contained the following spells:

 Spells                   Type           Power      Damage    Failure   Level
 Poisonous Vapours        Pois/Air       12%        N/A       19%         2
 Mephitic Cloud           Conj/Pois/Air  4%         N/A       41%         3
 Olgreb's Toxic Radiance  Pois           10%        N/A       54%         4


Dungeon Overview and Level Annotations

Branches:
Dungeon (1/15)

Altars:


Innate Abilities, Weirdness & Mutations

Your plain brown scales are hard. (AC +4)
You cannot fit into any form of body armour.
You are cold-blooded and may be slowed by cold attacks.


Message History

You hit the endoplasm. You tail-slap the endoplasm.
You kill the endoplasm!
You can't see any susceptible monsters within range! (Use Z to cast anyway.) Magic restored.
An endoplasm and a goblin come into view.
Found 3 boomerangs.
The goblin shouts!
The sting hits the goblin.
The goblin is poisoned.
The goblin is severely wounded.
You kill the goblin!
The sting hits the endoplasm.
The endoplasm is poisoned.
The endoplasm is lightly wounded.
A hobgoblin comes into view.
The sting hits the endoplasm.
The endoplasm partially resists.
The endoplasm is heavily wounded.
The hobgoblin shouts!
You hear a shout!
You are out of magic!
You hit the endoplasm but do no damage.
The endoplasm is almost dead.
You kill the endoplasm!
An endoplasm comes into view.
The endoplasm quivers.
The hobgoblin throws a javelin.
The javelin pierces through you!
Things that are here:
a +0 club; a goblin corpse
b - a +0 club The hobgoblin throws a javelin.
The javelin pierces through you.
A goblin comes into view. It is wielding a +0 dagger.
A hobgoblin comes into view.
The hobgoblin shouts!
The hobgoblin closely misses you. The endoplasm hits you.
* * * LOW HITPOINT WARNING * * *
Okay, then.
b - a +0 club (weapon)
You closely miss the hobgoblin.
The goblin shouts!
You hear an angry hiss.
The hobgoblin barely misses you. The endoplasm freezes you.
You are frozen.
You die...

## # .g. .##.## ....g.
##### #...(.. ....#####
##.....##
....'..>########J.......
....##.###.....†@g.....#
.....#.#.#.#####.......#
.....#.#.#.# ##.......
.....#<#.#.# .......
.....###...#### .#.###.
##.#..........# .#.#
#.#....##.##.# .. .
............. .. .. ..
.............. .


You could see an endoplasm, 2 hobgoblins and a goblin.

Vanquished Creatures
  2 endoplasms (D:1)
  A goblin (D:1)
3 creatures vanquished.

Notes
Turn   | Place    | Note
-------+----------+-------------------------------------------
     0 | D:1      | Hubris850 the Draconian Venom Mage began the quest for the
                  | Orb.
     0 | D:1      | Reached XP level 1. HP: 14/14 MP: 3/3
    68 | D:1      | Frozen to death by an endoplasm

Illustrated notes

Levels and vault maps discovered:
D:1:      amcnicky_arrival_choice, layout_loops_cross, minivault_27,
          minmay_misc_feat_room, wad_floor_pattern_2

Action                     || total
---------------------------++-------
  Melee: Unarmed           ||     2
         Club              ||     1
         Tailslap          ||     1
   Cast: Sting             ||     5
 Armour: Skin              ||     3
  Dodge: Dodged            ||     2

Table legend: (Time is in decaauts)
 A = Elapsed time spent in this place.
 B = Non-inter-level travel time spent in this place.
 C = Inter-level travel time spent in this place.
 D = Time resting spent in this place.
 E = Time spent auto-exploring this place.
 F = Levels seen in this place.
 G = Mean time per level.
                   A        B        C        D        E       F      G
               +--------+--------+--------+--------+--------+-----+--------+
         Total |     67 |     67 |      0 |      0 |     47 |   1 |   67.0 |
       Dungeon |     67 |     67 |      0 |      0 |     47 |   1 |   67.0 |
               +--------+--------+--------+--------+--------+-----+--------+

Top non-repeatable levels by time:
     D:1: 67 daAuts
